 Dungeon Crawl Stone Soup version 0.24-a0-434-gd57e52fea8 (webtiles) character file.

Game seed: 11276629659296210496

6055 Azzok the Cleaver (level 11, -16/75 HPs)
             Began as a Formicid Fighter on June 15, 2019.
             Was an Elder of Okawaru.
             Killed from afar by a raiju (22 damage)
             ... with a living lightning
             ... on level 1 of the Abyss.
             The game lasted 00:15:47 (9710 turns).

Azzok the Cleaver (Formicid Fighter)                Turns: 9710, Time: 00:15:47

Health: -16/75     AC: 18    Str: 23    XL:     11   Next: 11%
Magic:  12/18      EV: 10    Int:  9    God:    Okawaru [****..]
Gold:   402        SH: 13    Dex: 12    Spells: 10/10 levels left

rFire    . . .     SeeInvis +   a - +0 war axe
rCold    . . .     Gourm    .   c - +0 shield
rNeg     . . .     Faith    +   e - +0 chain mail
rPois    .         Spirit   .   (helmet unavailable)
rElec    .         Reflect  .   (no cloak)
rCorr    .         Harm     .   (no gloves)
MR       +....                  A - +2 pair of boots
Stlth    ..........             h - amulet of faith
HPRegen  0.22/turn              j - +2 ring of dexterity
MPRegen  0.16/turn              y - +4 ring of protection

@: heroism, finesse
A: permanent stasis, dig shafts and tunnels, four strong arms, antennae 3
a: Dig, Shaft Self, Heroism, Renounce Religion


You were on level 1 of the Abyss.
You worshipped Okawaru.
Okawaru was greatly pleased with you.
You were hungry.

You visited 2 branches of the dungeon, and saw 10 of its levels.
You visited the Abyss 1 time.

You collected 402 gold pieces.

Inventory:

Hand Weapons
 a - a +0 war axe (weapon)
 b - a +2 dagger of electrocution
Armour
 c - a +0 shield (worn)
 e - a +0 chain mail (worn)
 A - a +2 pair of boots (worn)
Jewellery
 h - an amulet of faith (around neck)
 j - a +2 ring of dexterity (left hand)
 y - a +4 ring of protection (right hand)
Wands
 w - a wand of polymorph (14)
 D - a wand of iceblast (9)
Scrolls
 k - 3 scrolls of fog {unknown}
 l - 6 scrolls of identify
 m - 2 scrolls of random uselessness {unknown}
 p - a scroll of enchant armour {unknown}
 r - a scroll of enchant weapon {unknown}
 s - 10 scrolls of remove curse
 v - 2 scrolls of blinking {unknown}
 x - a scroll of magic mapping {unknown}
 C - a scroll of immolation {unknown}
 F - a scroll of acquirement {unknown}
Potions
 d - 2 potions of might
 g - a potion of lignification
 i - 3 potions of cancellation {unknown}
 n - 3 potions of curing {unknown}
 o - a potion of resistance
 q - 4 potions of flight
 z - a potion of mutation {unknown}
 B - a potion of degeneration {unknown}
Comestibles
 f - 16 rations


   Skills:
 - Level 3.2(8.2) Fighting
 * Level 12.1(17.1) Axes
 - Level 3.2(8.2) Armour
 - Level 9.0(14.0) Shields
 + Level 9.3 Invocations


You had 10 spell levels left.
You didn't know any spells.
Your spell library contained the following spells:

 Spells                   Type           Power        Failure   Level  Hunger
 Confusing Touch          Hex            #.....       94%         1    ##.....
 Confuse                  Hex            #.......     100%        3    ####...
 Gell's Gravitas          Tloc           #.........   100%        3    ####...
 Petrify                  Tmut/Erth      #.......     100%        4    #####..
 Metabolic Englaciation   Hex/Ice        #.........   100%        5    ######.
 Yara's Violent Unravell  Hex/Tmut       #.........   100%        5    ######.


Dungeon Overview and Level Annotations

Branches:
Dungeon (9/15)             Temple (1/1) D:4
   Lair: D:8-11         Orc: D:9-12

Altars:
Ashenzari
Dithmenos
Elyvilon
Fedhas
Gozag
Hepliaklqana
Kikubaaqudgha
Makhleb
Nemelex Xobeh
Okawaru
Qazlal
Sif Muna
Trog
Uskayaw
Vehumet
Wu Jian
Xom
Yredelemnul
Zin
The Shining One

Shops:
D:4 %

Annotations:
D:9 Erolcha


Innate Abilities, Weirdness & Mutations

You cannot be hasted, slowed, berserked, paralysed or teleported.
You can dig through walls and to a lower floor.
Your four strong arms can wield two-handed weapons with a shield.
You have a pair of large antennae on your head. (SInv)


Message History

You barely miss the raiju.
Your chain mail prevents you from hitting the raiju.
The raiju bursts into living lightning!
The living lightning hits you.
* * * LOW HITPOINT WARNING * * *
The living lightning hits the raiju.
The raiju completely resists.
The raiju blinks!
You slash the raiju!
The raiju is heavily wounded.
The raiju bursts into living lightning!
The living lightning misses you.
The living lightning hits the raiju.
The raiju completely resists.
The raiju blinks!
You closely miss the raiju.
The raiju is lightly wounded.
A small abomination comes into view.
You barely miss the raiju.
The raiju is lightly wounded.
The raiju bursts into living lightning!
The living lightning hits you!!
You die...

▒ · ··▒ ·
······ ·
····h▒ ▒
▒▒···▒ ▒··▒
▒ ▒▒·▒
▒▒·▒▒▒▒▒
▒·····$▒
▒·@····▒
╬·h········
▒·h····▒···
·▒·····▒▒·▒
·▒····▒···_·
·x
·····$·▒··
··
···▒··▒····
▒·· ····▒·▒
▒▒


You could see 3 raiju and a small abomination.

Vanquished Creatures
  A two-headed ogre (D:8)
  A centaur warrior (D:8)
  Pikel (D:5)
  An ugly thing (D:8)
  Grinder (D:6)
  Prince Ribbit (D:8)
  Eustachio (D:5)
  4 orc warriors
  2 black bears (D:7)
  A phantom (D:5)
  A necrophage (D:5)
  3 centaurs
  5 ogres
  A big kobold (D:7)
  3 bullfrogs
  2 gnoll sergeants
  2 scorpions
  6 killer bees (D:7)
  3 wights (D:8)
  2 howler monkeys
  A crimson imp (D:8)
  A bullfrog zombie (D:5)
  2 jellies (D:8)
  2 hounds
  6 orc priests
  4 orc wizards
  2 iguanas
  7 worker ants
  A hound zombie (D:7)
  3 hound skeletons
  A worker ant zombie (D:9)
  7 gnolls
  14 adders
  2 shadow imps
  An adder zombie (D:7)
  2 adder skeletons
  2 worms
  3 dart slugs
  10 leopard geckos
  32 orcs
  4 giant cockroaches
  6 hobgoblins
  2 jackals (D:5)
  4 quokkas
  3 ball pythons
  3 bats
  4 frilled lizards
  8 goblins
  A jackal skeleton (D:6)
  A jackal zombie (D:6)
  16 kobolds
  A leopard gecko skeleton (D:4)
  A quokka skeleton (D:8)
  15 rats
214 creatures vanquished.

Vanquished Creatures (others)
  3 slaves (D:6)
  A howler monkey (D:6)
  A worker ant (D:6)
  2 gnolls (D:6)
7 creatures vanquished.

Grand Total: 221 creatures vanquished

Notes
Turn   | Place    | Note
-------+----------+-------------------------------------------
     0 | D:1      | Azzok the Formicid Fighter began the quest for the Orb.
     0 | D:1      | Reached XP level 1. HP: 18/18 MP: 1/1
   136 | D:1      | Reached XP level 2. HP: 24/24 MP: 2/2
   225 | D:1      | Reached skill level 3 in Axes
   478 | D:1      | Reached XP level 3. HP: 28/29 MP: 3/3
  1120 | D:2      | Reached XP level 4. HP: 35/35 MP: 4/4
  1262 | D:2      | Found a blossoming altar of Fedhas.
  1421 | D:2      | Reached skill level 4 in Axes
  1783 | D:2      | Found a shadowy altar of Dithmenos.
  2017 | D:3      | Found a sparkling altar of Nemelex Xobeh.
  2023 | D:3      | Reached XP level 5. HP: 41/41 MP: 5/5
  2455 | D:3      | Reached skill level 5 in Shields
  2633 | D:3      | Reached XP level 6. HP: 47/47 MP: 6/6
  3017 | D:4      | Found Jinlomal's Food Shoppe.
  3031 | D:4      | Reached skill level 5 in Axes
  3052 | D:4      | Noticed an ogre
  3062 | D:4      | Killed an ogre
  3151 | D:4      | Noticed an ogre
  3311 | D:4      | Found a staircase to the Ecumenical Temple.
  3325 | D:4      | Reached XP level 7. HP: 44/52 MP: 7/7
  3373 | Temple   | Entered the Ecumenical Temple
  3387 | Temple   | Became a worshipper of Warmaster Okawaru
  3400 | D:4      | Reached skill level 1 in Invocations
  3990 | D:5      | Entered Level 5 of the Dungeon
  3997 | D:5      | Reached skill level 6 in Axes
  4002 | D:5      | Found an ancient bone altar of Kikubaaqudgha.
  4232 | D:5      | Noticed Eustachio
  4257 | D:5      | Killed Eustachio
  4257 | D:5      | Reached * piety under Okawaru
  4257 | D:5      | Reached XP level 8. HP: 56/58 MP: 8/10
  4464 | D:5      | Reached skill level 7 in Axes
  4984 | D:5      | Reached ** piety under Okawaru
  5273 | D:6      | Noticed Pikel
  5312 | D:5      | Killed Pikel
  5312 | D:5      | Reached skill level 8 in Axes
  5312 | D:5      | Reached skill level 5 in Invocations
  5312 | D:5      | Reached XP level 9. HP: 50/64 MP: 12/12
  5848 | D:6      | Reached *** piety under Okawaru
  6076 | D:6      | Found a bloodstained altar of Trog.
  6092 | D:6      | Reached skill level 9 in Axes
  6253 | D:6      | Noticed Grinder
  6266 | D:6      | Killed Grinder
  6266 | D:6      | Received a gift from Okawaru
  6867 | D:7      | Reached XP level 10. HP: 61/70 MP: 14/14
  7017 | D:7      | Reached skill level 10 in Axes
  7161 | D:7      | Reached **** piety under Okawaru
  7399 | D:7      | Found a radiant altar of Vehumet.
  7792 | D:8      | Noticed a centaur warrior
  8080 | D:8      | Noticed a two-headed ogre
  8081 | D:8      | Noticed Prince Ribbit
  8131 | D:8      | Killed a two-headed ogre
  8131 | D:8      | Reached skill level 11 in Axes
  8147 | D:8      | Killed Prince Ribbit
  8283 | D:8      | Found a basalt altar of Yredelemnul.
  8456 | D:8      | Killed a centaur warrior
  9065 | D:8      | Reached XP level 11. HP: 75/75 MP: 17/17
  9067 | D:8      | Reached ***** piety under Okawaru
  9229 | D:8      | Noticed a cyan ugly thing
  9263 | D:8      | Killed a cyan ugly thing
  9263 | D:8      | Reached skill level 12 in Axes
  9626 | D:9      | Noticed Erolcha
  9645 | D:9      | Cast into level 1 of the Abyss (Erolcha)
  9645 | Abyss:1  | Found a corrupted altar of Lugonu.
  9710 | Abyss:1  | Killed from afar by a raiju

Levels and vault maps discovered:
D:1:      lemuel_arrival_room, layout_basic, minmay_rat_gold_closets
D:2:      minmay_chambers_of_twos, layout_basic, fedhas_altar_2,
          nicolae_dithmenos_shadow_blocks, first_ration
D:3:      layout_basic, nemelex_xobeh_ov_fountains_minmay
D:4:      layout_gridville, minmay_temple_entry_offerings, serial_shops, shop
D:5:      layout_basic, nicolae_overflow_crystal_walls, uniq_eustachio
D:6:      layout_basic, trog_butcher_becter, uniq_grinder, uniq_pikel
D:7:      layout_cave_pods, old_standard_altar
D:8:      layout_loops_ring, kennysheep_mini_moat, minmay_holes,
          uniq_prince_ribbit1
D:9:      layout_basic, orc_0_dummy, david_nohive_1, uniq_erolcha
Temple:   nicolae_temple_x_marks_the_god
Abyss:1:  minivault_27, hangedman_abyss_or_decor_stabs

Skill      XL: |  1  2  3  4  5  6  7  8  9 10 11 |
---------------+----------------------------------+-----
Axes           | 3 4 5 6 8 9 11 12 | 12.1
Shields        | 4 5 6 8 9 |  9.0
Invocations    | 2 5 6 9 |  9.3
Fighting       | |  3.2
Armour         | |  3.2

Action                   |  1- 3 |  4- 6 |  7- 9 | 10-12 || total
-------------------------+-------+-------+-------+-------++-------
Melee: War axe           |   115 |    56 |    28 |     5 ||   204
       Dagger            |       |   120 |   398 |   299 ||   817
Throw: Throwing net      |       |       |       |     2 ||     2
Invok: Heroism           |       |       |     5 |     7 ||    12
       Finesse           |       |       |       |     2 ||     2
  Use: Scroll            |       |       |     9 |       ||     9
       Potion            |       |       |       |     2 ||     2
  Eat: Chunk             |     1 |     7 |     9 |     5 ||    22
       Ration            |       |       |     1 |     1 ||     2
Armor: Chain mail        |    51 |    59 |   127 |    80 ||   317
       Scale mail        |     2 |       |       |       ||     2
Dodge: Dodged            |    28 |    38 |    96 |    48 ||   210
Block: Shield            |    60 |    87 |   193 |   121 ||   461

Table legend:
 A = Non-vault XP
 B = Vault XP
 C = Vault XP percentage of total XP
 D = Non-vault monster count
 E = Vault monster count
 F = Vault count percentage of total count
                 A         B        C        D         E       F
            +---------+---------+-------+---------+---------+-------
      Total |    6989 |    1662 |  19.2 |     191 |      23 |  10.7
            +---------+---------+-------+---------+---------+-------
        D:1 |      38 |       8 |  17.4 |      22 |       8 |  26.7
        D:2 |      72 |      13 |  15.3 |      21 |       8 |  27.6
        D:3 |     152 |       0 |   0.0 |      19 |       0 |   0.0
        D:4 |     441 |       0 |   0.0 |      27 |       0 |   0.0
        D:5 |     892 |     888 |  49.9 |      23 |       2 |   8.0
        D:6 |     567 |     489 |  46.3 |      19 |       4 |  17.4
        D:7 |    1676 |       0 |   0.0 |      34 |       0 |   0.0
        D:8 |    3136 |     264 |   7.8 |      25 |       1 |   3.8
        D:9 |      15 |       0 |   0.0 |       1 |       0 |   0.0
            +---------+---------+-------+---------+---------+-------
